2829 views
Uploaded 2020-03-01 15:07:26
Game version 1.32.2
11:38 long 3on3 ladder game on (6)BloodstoneMesa_LV
Saved by BEARAND
2829 views
Uploaded 2020-03-01 15:07:26
Game version 1.32.2
11:38 long 3on3 ladder game on (6)BloodstoneMesa_LV


66 units @ 5k
/ 0k
122 buildings @ 7.2k
/ 3.7k


| Scroll of Regeneration | 2 | 200 |
| Boots of Speed | 2 | 500 |
| Staff of Teleportation | 2 | 300 |
| total: | 6 | 1000g |
| Peasant | 18 | 1350 | / | 0 |
| total: | 18 | 1350g | / | 0w |
| Scout Tower | 26 | 780 | / | 520 |
| Arcane Tower | 3 | 210 | / | 150 |
| Guard Tower | 14 | 980 | / | 700 |
| Altar of Kings | 1 | 180 | / | 50 |
| Lumber Mill | 1 | 120 | / | 0 |
| Farm | 3 | 240 | / | 60 |
| Arcane Vault | 1 | 130 | / | 30 |
| Town Hall | 1 | 385 | / | 205 |
| Arcane Sanctum | 2 | 300 | / | 280 |
| Keep | 1 | 320 | / | 210 |
| Castle | 1 | 360 | / | 210 |
| total: | 35 | 2135g | / | 1145w |
| 0:01 | Peasant |
| 0:05 | Altar of Kings |
| 0:06 | Peasant |
| 0:18 | Peasant |
| 0:22 | Lumber Mill |
| 0:33 | Farm |
| 0:34 | Peasant |
| 0:54 | Peasant |
| 1:11 | Farm |
| 1:14 | Peasant |
| 1:25 | Peasant |
| 1:34 | Scout Tower |
| 1:36 | Peasant |
| 1:50 | Peasant |
| 2:01 | Improved Masonry |
| 2:02 | Arcane Tower |
| 2:03 | Scout Tower |
| 2:04 | Peasant |
| 2:07 | Blizzard |
| 2:09 | Peasant |
| 2:20 | Peasant |
| 2:24 | Scout Tower |
| 2:29 | Guard Tower |
| 2:30 | Scout Tower |
| 2:43 | Peasant |
| 2:45 | Scout Tower |
| 2:50 | Arcane Tower |
| 2:54 | Peasant |
| 2:57 | Scout Tower |
| 3:14 | Peasant |
| 3:20 | Guard Tower |
| 3:21 | Scout Tower |
| 3:37 | Guard Tower |
| 3:38 | Scout Tower |
| 3:38 | Scout Tower |
| 3:51 | Boots of Speed |
| 3:51 | Staff of Teleportation |
| 4:27 | Keep |
| 4:51 | Guard Tower |
| 5:02 | Farm |
| 5:31 | Arcane Vault |
| 5:32 | Guard Tower |
| 5:41 | Brilliance Aura |
| 6:26 | Scout Tower |
| 6:26 | Scout Tower |
| 6:30 | Scroll of Regeneration |
| 6:39 | Scout Tower |
| 6:58 | Scroll of Regeneration |
| 7:01 | Advanced Masonry |
| 7:05 | Peasant |
| 7:05 | Peasant |
| 7:06 | Peasant |
| 7:10 | Arcane Sanctum |
| 7:12 | Arcane Sanctum |
| 7:20 | Guard Tower |
| 7:30 | Guard Tower |
| 7:53 | Storm Bolt |
| 7:58 | Guard Tower |
| 7:59 | Scout Tower |
| 8:20 | Castle |
| 9:17 | Town Hall |
| 9:20 | Scout Tower |
| 9:21 | Scout Tower |
| 9:25 | Improved Lumber Harvesting |
| 9:39 | Boots of Speed |
| 9:40 | Staff of Teleportation |
| 9:54 | Arcane Tower |
| 9:54 | Guard Tower |
| 9:56 | Scout Tower |
| 10:23 | Guard Tower |
| 10:25 | Scout Tower |
| 10:26 | Scout Tower |
| 10:54 | Guard Tower |
| 10:55 | Scout Tower |
| 10:55 | Scout Tower |
| 10:56 | Scout Tower |
| 10:57 | Guard Tower |
| 11:08 | Scout Tower |
| 11:12 | Advanced Lumber Harvesting |
| 11:20 | Scout Tower |
| 11:20 | Scout Tower |
| 11:22 | Guard Tower |
| 11:30 | Guard Tower |
| 11:32 | Scout Tower |
| 11:32 | Scout Tower |
| Assign group | 553 |
| Right click | 492 |
| Select group | 240 |
| Select | 165 |
| Build/train/purchase | 76 |
| Use ability | 19 |
| Resource trade | 13 |
| Misc. action | 9 |
| Chat | 9 |
| Item give/drop | 2 |
| Remove unit | 2 |
BEARAND
(11:37) : 

| Scroll of Regeneration | 3 | 300 |
| Potion of Healing | 3 | 450 |
| Boots of Speed | 2 | 500 |
| Staff of Teleportation | 2 | 300 |
| total: | 10 | 1550g |
| Peasant | 21 | 1575 | / | 0 |
| total: | 21 | 1575g | / | 0w |
| Scout Tower | 26 | 780 | / | 520 |
| Arcane Tower | 2 | 140 | / | 100 |
| Guard Tower | 29 | 2030 | / | 1450 |
| Altar of Kings | 1 | 180 | / | 50 |
| Farm | 4 | 320 | / | 80 |
| Lumber Mill | 1 | 120 | / | 0 |
| Arcane Vault | 2 | 260 | / | 60 |
| Town Hall | 1 | 385 | / | 205 |
| Arcane Sanctum | 2 | 300 | / | 280 |
| Keep | 2 | 640 | / | 420 |
| Castle | 1 | 360 | / | 210 |
| total: | 37 | 2345g | / | 1195w |
| 0:02 | Peasant |
| 0:09 | Altar of Kings |
| 0:18 | Farm |
| 0:19 | Peasant |
| 0:20 | Peasant |
| 0:28 | Peasant |
| 0:33 | Farm |
| 0:56 | Scout Tower |
| 1:01 | Peasant |
| 1:08 | Lumber Mill |
| 1:14 | Peasant |
| 1:27 | Arcane Vault |
| 1:28 | Peasant |
| 1:36 | Scout Tower |
| 1:38 | Peasant |
| 1:38 | Peasant |
| 1:42 | Arcane Tower |
| 1:43 | Peasant |
| 1:53 | Arcane Vault |
| 1:57 | Peasant |
| 2:00 | Scout Tower |
| 2:08 | Blizzard |
| 2:21 | Guard Tower |
| 2:35 | Scout Tower |
| 2:43 | Guard Tower |
| 2:49 | Peasant |
| 2:58 | Scroll of Regeneration |
| 3:17 | Peasant |
| 3:39 | Brilliance Aura |
| 3:56 | Guard Tower |
| 3:57 | Keep |
| 4:05 | Scout Tower |
| 4:08 | Scroll of Regeneration |
| 4:57 | Guard Tower |
| 5:00 | Boots of Speed |
| 5:12 | Town Hall |
| 5:16 | Scout Tower |
| 5:27 | Scroll of Regeneration |
| 5:39 | Scout Tower |
| 5:46 | Arcane Tower |
| 5:48 | Scout Tower |
| 5:53 | Scout Tower |
| 5:54 | Scout Tower |
| 5:55 | Scout Tower |
| 5:56 | Scout Tower |
| 6:09 | Staff of Teleportation |
| 6:19 | Guard Tower |
| 6:29 | Guard Tower |
| 6:44 | Farm |
| 6:45 | Farm |
| 7:00 | Guard Tower |
| 7:03 | Arcane Sanctum |
| 7:05 | Improved Lumber Harvesting |
| 7:07 | Guard Tower |
| 7:08 | Scout Tower |
| 7:10 | Peasant |
| 7:10 | Peasant |
| 7:11 | Peasant |
| 7:20 | Guard Tower |
| 7:21 | Improved Masonry |
| 7:38 | Scout Tower |
| 7:40 | Guard Tower |
| 7:44 | Guard Tower |
| 7:51 | Advanced Masonry |
| 7:56 | Arcane Sanctum |
| 8:06 | Guard Tower |
| 8:07 | Scout Tower |
| 8:08 | Scout Tower |
| 8:18 | Scout Tower |
| 8:19 | Scout Tower |
| 8:22 | Peasant |
| 8:24 | Peasant |
| 8:27 | Scout Tower |
| 8:32 | Storm Bolt |
| 8:40 | Guard Tower |
| 8:41 | Scout Tower |
| 8:42 | Scout Tower |
| 8:42 | Scout Tower |
| 8:45 | Scout Tower |
| 8:45 | Scout Tower |
| 8:46 | Scout Tower |
| 9:10 | Blizzard |
| 9:13 | Guard Tower |
| 9:26 | Potion of Healing |
| 9:26 | Potion of Healing |
| 9:46 | Castle |
| 9:53 | Guard Tower |
| 10:02 | Guard Tower |
| 10:23 | Guard Tower |
| 10:36 | Boots of Speed |
| 10:36 | Staff of Teleportation |
| 10:38 | Guard Tower |
| 10:39 | Guard Tower |
| 10:47 | Guard Tower |
| 10:48 | Guard Tower |
| 10:55 | Scout Tower |
| 10:58 | Peasant |
| 10:58 | Peasant |
| 10:59 | Peasant |
| 11:20 | Potion of Healing |
| Right click | 902 |
| Select | 367 |
| Chat | 133 |
| Build/train/purchase | 111 |
| Select group | 54 |
| Misc. action | 26 |
| Resource trade | 17 |
| Use ability | 16 |
| Assign group | 12 |
| Item give/drop | 4 |
| Remove unit | 3 |
| Minimap ping | 1 |


| Scroll of Regeneration | 2 | 200 |
| Staff of Teleportation | 1 | 150 |
| Boots of Speed | 2 | 500 |
| Circlet of Nobility | 1 | 175 |
| total: | 6 | 1025g |
| Peasant | 27 | 2025 | / | 0 |
| total: | 27 | 2025g | / | 0w |
| Scout Tower | 37 | 1110 | / | 740 |
| Arcane Tower | 4 | 280 | / | 200 |
| Guard Tower | 22 | 1540 | / | 1100 |
| Altar of Kings | 1 | 180 | / | 50 |
| Farm | 8 | 640 | / | 160 |
| Lumber Mill | 1 | 120 | / | 0 |
| Arcane Vault | 1 | 130 | / | 30 |
| Town Hall | 1 | 385 | / | 205 |
| Arcane Sanctum | 1 | 150 | / | 140 |
| Keep | 2 | 640 | / | 420 |
| total: | 50 | 2715g | / | 1325w |
| 0:02 | Peasant |
| 0:03 | Peasant |
| 0:05 | Altar of Kings |
| 0:08 | Farm |
| 0:14 | Peasant |
| 0:21 | Peasant |
| 0:33 | Lumber Mill |
| 0:49 | Scout Tower |
| 0:50 | Peasant |
| 1:04 | Peasant |
| 1:15 | Farm |
| 1:18 | Arcane Tower |
| 1:20 | Peasant |
| 1:21 | Peasant |
| 1:31 | Peasant |
| 1:32 | Peasant |
| 1:41 | Scout Tower |
| 1:44 | Peasant |
| 1:44 | Peasant |
| 1:56 | Scout Tower |
| 1:57 | Peasant |
| 2:04 | Blizzard |
| 2:07 | Farm |
| 2:10 | Arcane Tower |
| 2:20 | Scout Tower |
| 2:21 | Peasant |
| 2:23 | Scout Tower |
| 2:34 | Guard Tower |
| 2:40 | Peasant |
| 2:48 | Arcane Tower |
| 2:54 | Farm |
| 3:22 | Peasant |
| 3:22 | Peasant |
| 3:37 | Guard Tower |
| 3:39 | Scout Tower |
| 3:40 | Peasant |
| 3:41 | Peasant |
| 3:43 | Scout Tower |
| 3:51 | Staff of Teleportation |
| 3:51 | Boots of Speed |
| 4:04 | Scout Tower |
| 4:05 | Farm |
| 4:12 | Guard Tower |
| 4:19 | Farm |
| 4:24 | Scout Tower |
| 4:38 | Scout Tower |
| 4:39 | Peasant |
| 4:40 | Peasant |
| 4:49 | Scout Tower |
| 4:52 | Scout Tower |
| 5:00 | Scout Tower |
| 5:01 | Peasant |
| 5:02 | Guard Tower |
| 5:05 | Improved Masonry |
| 5:13 | Guard Tower |
| 5:19 | Guard Tower |
| 5:25 | Guard Tower |
| 5:26 | Scout Tower |
| 5:28 | Scout Tower |
| 5:29 | Guard Tower |
| 5:41 | Keep |
| 5:55 | Scout Tower |
| 5:56 | Scout Tower |
| 6:14 | Guard Tower |
| 6:19 | Scroll of Regeneration |
| 6:31 | Arcane Vault |
| 6:39 | Scout Tower |
| 6:40 | Scout Tower |
| 6:40 | Guard Tower |
| 6:50 | Guard Tower |
| 6:54 | Scout Tower |
| 7:13 | Guard Tower |
| 7:30 | Guard Tower |
| 7:31 | Scout Tower |
| 7:33 | Scout Tower |
| 7:33 | Scout Tower |
| 7:34 | Brilliance Aura |
| 8:11 | Town Hall |
| 8:21 | Farm |
| 8:23 | Farm |
| 8:25 | Guard Tower |
| 8:44 | Scroll of Regeneration |
| 8:55 | Improved Lumber Harvesting |
| 8:56 | Peasant |
| 9:25 | Scout Tower |
| 9:25 | Scout Tower |
| 9:45 | Scout Tower |
| 9:46 | Scout Tower |
| 9:49 | Scout Tower |
| 9:49 | Scout Tower |
| 9:52 | Arcane Sanctum |
| 10:00 | Scout Tower |
| 10:03 | Advanced Masonry |
| 10:05 | Peasant |
| 10:05 | Peasant |
| 10:09 | Peasant |
| 10:10 | Peasant |
| 10:11 | Guard Tower |
| 10:16 | Storm Bolt |
| 10:20 | Guard Tower |
| 10:23 | Guard Tower |
| 10:52 | Guard Tower |
| 10:53 | Scout Tower |
| 10:54 | Scout Tower |
| 10:58 | Guard Tower |
| 11:00 | Scout Tower |
| 11:09 | Boots of Speed |
| 11:10 | Circlet of Nobility |
| 11:21 | Magic Sentry |
| 11:24 | Guard Tower |
| 11:26 | Scout Tower |
| 11:27 | Scout Tower |
| 11:27 | Scout Tower |
| 11:28 | Scout Tower |
| Right click | 515 |
| Select group | 287 |
| Select | 209 |
| Chat | 133 |
| Build/train/purchase | 104 |
| Misc. action | 23 |
| Use ability | 11 |
| Resource trade | 10 |
| Minimap ping | 5 |
| Assign group | 4 |
| Item give/drop | 2 |
| Esc | 1 |
53 units @ 7.4k
/ 0.7k
35 buildings @ 5.7k
/ 2k


| Rod of Necromancy | 2 | 300 |
| Ritual Dagger | 1 | 125 |
| total: | 3 | 425g |
| Acolyte | 2 | 150 | / | 0 |
| Ghoul | 3 | 360 | / | 0 |
| Crypt Fiend | 4 | 860 | / | 160 |
| Obsidian Statue | 2 | 400 | / | 70 |
| Razormane Medicine Man | 1 | 350 | / | 60 |
| total: | 12 | 2120g | / | 290w |
| Nerubian Tower | 1 | 100 | / | 20 |
| Spirit Tower | 1 | 145 | / | 40 |
| Graveyard | 1 | 215 | / | 0 |
| Crypt | 1 | 200 | / | 50 |
| Altar of Darkness | 1 | 180 | / | 50 |
| Ziggurat | 5 | 750 | / | 250 |
| Tomb of Relics | 1 | 130 | / | 30 |
| Slaughterhouse | 1 | 140 | / | 135 |
| Sacrificial Pit | 1 | 75 | / | 150 |
| Halls of the Dead | 1 | 320 | / | 210 |
| Black Citadel | 1 | 325 | / | 230 |
| total: | 11 | 1690g | / | 665w |
| 0:04 | Acolyte |
| 0:04 | Acolyte |
| 0:18 | Graveyard |
| 0:21 | Crypt |
| 0:27 | Altar of Darkness |
| 0:36 | Ziggurat |
| 1:07 | Ziggurat |
| 1:10 | Tomb of Relics |
| 1:22 | Ghoul |
| 1:34 | Ghoul |
| 1:43 | Crypt Fiend |
| 2:02 | Nerubian Tower |
| 2:14 | Crypt Fiend |
| 2:27 | Rod of Necromancy |
| 2:33 | Death Coil |
| 3:04 | Ghoul |
| 3:15 | Ziggurat |
| 3:26 | Crypt Fiend |
| 4:42 | Halls of the Dead |
| 4:58 | Spirit Tower |
| 5:16 | Crypt Fiend |
| 5:39 | Unholy Aura |
| 5:46 | Creature Attack |
| 6:00 | Rod of Necromancy |
| 6:01 | Ritual Dagger |
| 7:19 | Ziggurat |
| 7:21 | Slaughterhouse |
| 7:24 | Sacrificial Pit |
| 7:27 | Razormane Medicine Man |
| 7:39 | Web |
| 8:02 | Death Coil |
| 8:15 | Frost Nova |
| 8:59 | Obsidian Statue |
| 9:01 | Black Citadel |
| 9:02 | Obsidian Statue |
| 10:33 | Ziggurat |
| Right click | 720 |
| Select group | 231 |
| Select | 159 |
| Assign group | 62 |
| Build/train/purchase | 43 |
| Misc. action | 21 |
| Use ability | 12 |
| Item give/drop | 1 |
| Remove unit | 1 |
| Minimap ping | 1 |
⇛
LeonGungadin
(10:25) : 
| Lesser Clarity Potion | 1 | 70 |
| Healing Salve | 2 | 200 |
| Scroll of Speed | 1 | 50 |
| total: | 4 | 320g |
| Peon | 11 | 825 | / | 0 |
| Troll Headhunter | 9 | 1260 | / | 180 |
| Demolisher | 1 | 220 | / | 50 |
| total: | 21 | 2305g | / | 230w |
| Watch Tower | 2 | 220 | / | 160 |
| Altar of Storms | 1 | 180 | / | 50 |
| Orc Burrow | 5 | 800 | / | 200 |
| War Mill | 1 | 205 | / | 0 |
| Barracks | 3 | 540 | / | 150 |
| Voodoo Lounge | 1 | 130 | / | 30 |
| Great Hall | 1 | 385 | / | 185 |
| Stronghold | 1 | 315 | / | 190 |
| total: | 14 | 2460g | / | 775w |
| 0:02 | Peon |
| 0:03 | Peon |
| 0:14 | Peon |
| 0:34 | Altar of Storms |
| 0:39 | Peon |
| 0:49 | Orc Burrow |
| 1:01 | War Mill |
| 1:18 | Barracks |
| 1:35 | Peon |
| 1:47 | Peon |
| 1:59 | Orc Burrow |
| 2:04 | Peon |
| 2:22 | Troll Headhunter |
| 2:28 | Barracks |
| 2:55 | Troll Headhunter |
| 3:04 | War Stomp |
| 3:11 | Troll Headhunter |
| 3:35 | Troll Headhunter |
| 3:37 | Orc Burrow |
| 3:54 | Voodoo Lounge |
| 4:10 | Troll Headhunter |
| 4:19 | Troll Headhunter |
| 4:29 | Endurance Aura |
| 4:40 | Troll Headhunter |
| 5:17 | Stronghold |
| 5:44 | Endurance Aura |
| 5:48 | Lesser Clarity Potion |
| 5:48 | Healing Salve |
| 5:54 | Healing Salve |
| 6:10 | Great Hall |
| 6:37 | Scroll of Speed |
| 6:45 | Troll Headhunter |
| 6:53 | Steel Ranged Weapons |
| 7:26 | Troll Headhunter |
| 7:42 | Orc Burrow |
| 7:45 | Orc Burrow |
| 7:48 | Spiked Barricades |
| 7:49 | Reinforced Defenses |
| 8:47 | Demolisher |
| 8:53 | Peon |
| 8:53 | Peon |
| 8:53 | Peon |
| 8:53 | Peon |
| 9:20 | War Stomp |
| 9:27 | Watch Tower |
| 9:31 | Watch Tower |
| 9:39 | Barracks |
| 9:42 | Thorium Ranged Weapons |
| Right click | 633 |
| Select | 198 |
| Select group | 138 |
| Build/train/purchase | 49 |
| Chat | 37 |
| Assign group | 18 |
| Resource trade | 8 |
| Misc. action | 7 |
| Use ability | 6 |
| Minimap ping | 5 |
| Item give/drop | 1 |
| Remove unit | 1 |


| Healing Salve | 1 | 100 |
| Lesser Clarity Potion | 1 | 70 |
| total: | 2 | 170g |
| Peon | 10 | 750 | / | 0 |
| Grunt | 5 | 1000 | / | 0 |
| Wind Rider | 4 | 1060 | / | 160 |
| Troll Batrider | 1 | 160 | / | 40 |
| total: | 20 | 2970g | / | 200w |
| Altar of Storms | 1 | 180 | / | 50 |
| Orc Burrow | 5 | 800 | / | 200 |
| Barracks | 1 | 180 | / | 50 |
| Voodoo Lounge | 1 | 130 | / | 30 |
| Beastiary | 2 | 290 | / | 280 |
| Stronghold | 1 | 315 | / | 190 |
| Fortress | 1 | 325 | / | 190 |
| total: | 10 | 1580g | / | 610w |
| 0:03 | Peon |
| 0:04 | Altar of Storms |
| 0:05 | Peon |
| 0:19 | Orc Burrow |
| 0:32 | Peon |
| 0:36 | Barracks |
| 0:44 | Peon |
| 0:57 | Peon |
| 1:17 | Peon |
| 1:33 | Orc Burrow |
| 1:36 | Peon |
| 1:40 | Grunt |
| 1:46 | Peon |
| 2:18 | Wind Walk |
| 2:32 | Peon |
| 2:38 | Grunt |
| 3:14 | Grunt |
| 3:15 | Stronghold |
| 3:23 | Voodoo Lounge |
| 3:39 | Grunt |
| 4:41 | Orc Burrow |
| 4:46 | Healing Salve |
| 4:46 | Lesser Clarity Potion |
| 5:20 | Grunt |
| 5:39 | Beastiary |
| 5:43 | Beastiary |
| 5:50 | Berserker Strength |
| 6:18 | Critical Strike |
| 6:26 | Orc Burrow |
| 6:28 | Peon |
| 6:34 | Healing Wave |
| 7:18 | Wind Rider |
| 7:23 | Orc Burrow |
| 7:58 | Troll Batrider |
| 8:17 | Wind Rider |
| 8:33 | Critical Strike |
| 8:35 | Hex |
| 8:45 | Wind Rider |
| 9:25 | Wind Rider |
| 10:08 | Fortress |
| Right click | 605 |
| Select group | 480 |
| Select | 188 |
| Chat | 151 |
| Build/train/purchase | 41 |
| Assign group | 39 |
| Minimap ping | 13 |
| Misc. action | 9 |
| Use ability | 8 |
| Item give/drop | 1 |
| Esc | 1 |